 Dungeon Crawl Stone Soup version 0.22-b1-26-g9dbaab1 (webtiles) character file.

166454 tev the Slayer (level 17, 0/173 HPs)
             Began as a Minotaur Berserker on Aug 5, 2018.
             Was the Champion of Trog.
             Slain by an emperor scorpion (7 damage)
             ... on level 4 of the Spider Nest on Aug 6, 2018.
             The game lasted 02:23:38 (23424 turns).

tev the Slayer (Minotaur Berserker)                Turns: 23424, Time: 02:23:40

Health: 0/173      AC: 31    Str: 28    XL:     17   Next: 29%
Magic:  0/8        EV: 14    Int: 12    God:    Trog [******]
Gold:   2106       SH:  0    Dex: 11    Spells: 16/16 levels left

rFire    + + +     SeeInvis +   l - +5 broad axe (antimagic)
rCold    + . .     Gourm    .   Y - +2 shield {rC+}
rNeg     . . .     Faith    .   p - +8 chain mail "Xoudo" {rF++}
rPois    +         Spirit   .   X - +2 hat of Xehea {rElec rC+ Int+5}
rElec    +         Reflect  .   O - +2 cloak {MR+}
rCorr    .         Harm     .   V - +0 pair of gloves
MR       ++...                  C - +2 pair of boots
Stlth    ..........             z - amulet of regeneration
HPRegen  0.78/turn              M - ring of Hogath {Fire rPois Int+3}
MPRegen  0.11/turn              U - ring "Ushei" {rF+ MP+9 SInv}

@: confused, lethally poisoned (0 -> -10), berserk cooldown, slowed, very slow
A: retaliatory headbutt, horns 2
a: Berserk, Trog's Hand, Brothers in Arms, Renounce Religion


You were on level 4 of the Spider Nest.
You worshipped Trog.
Trog was exalted by your worship.
You were very hungry.

You visited 3 branches of the dungeon, and saw 25 of its levels.
You also visited: Labyrinth and Ice Cave.

You collected 2674 gold pieces.
You spent 568 gold pieces at shops.

Inventory:

Hand Weapons
 l - a +5 antimagic broad axe (weapon)
 L - a +2 war axe of electrocution
 T - a +3 war axe of flaming
Armour
 h - the +4 scale mail "Mioheosoje" {rElec Int-3 Slay+6 Stlth+}
   (You found it on level 9 of the Dungeon)

   It affects your intelligence (-3).
   It affects your accuracy and damage with ranged weapons and melee attacks
   (+6).
   It insulates you from electricity.
   It makes you more stealthy.
 p - the +8 chain mail "Xoudo" (worn) {rF++}
   (You found it on level 3 of the Lair of Beasts)

   It greatly protects you from fire.
 C - a +2 pair of boots (worn)
 E - a +3 chain mail of positive energy
 O - a +2 cloak of magic resistance (worn)
 V - a +0 pair of gloves (worn)
 X - the +2 hat of Xehea (worn) {rElec rC+ Int+5}
   (You found it in an ice cave)

   It affects your intelligence (+5).
   It protects you from cold.
   It insulates you from electricity.
 Y - a +2 shield of cold resistance (worn)
Jewellery
 y - an uncursed ring of protection from cold
 z - an amulet of regeneration (around neck)
 M - the ring of Hogath (left hand) {Fire rPois Int+3}
   (You found it on level 15 of the Dungeon)

   [ring of fire]

   It enhances your fire magic.
   It affects your intelligence (+3).
   It protects you from fire.
   It makes you vulnerable to cold.
   It protects you from poison.
 R - the ring "Uwe Jinolie" {*Tele +Blink MR+}
   (You took it off Azrael on level 15 of the Dungeon)

   [ring of teleportation]

   It may teleport you next to monsters.
   It affects your resistance to hostile enchantments.
   It lets you blink.
 U - the ring "Ushei" (right hand) {rF+ MP+9 SInv}
   (You found it on level 15 of the Dungeon)

   [ring of magical power]

   It protects you from fire.
   It affects your magic capacity (+9).
   It lets you see invisible.
Scrolls
 a - a scroll of brand weapon
 b - 2 scrolls of identify
 f - 6 scrolls of fear
 i - 8 scrolls of enchant weapon
 k - a scroll of torment
 m - 13 scrolls of remove curse
 s - 6 scrolls of fog
 v - 13 scrolls of teleportation
 w - 2 scrolls of noise
 A - 4 scrolls of immolation
 F - 2 scrolls of summoning
 G - 3 scrolls of magic mapping
 I - 2 scrolls of silence
 J - a scroll of holy word
 K - 3 scrolls of vulnerability
 N - 4 scrolls of enchant armour
 Q - 4 scrolls of blinking
Potions
 d - 18 potions of curing
 e - 9 potions of heal wounds
 g - 11 potions of flight
 j - 3 potions of magic
 n - 3 potions of invisibility
 o - 3 potions of ambrosia
 q - 2 potions of cancellation
 r - 5 potions of mutation
 t - 9 potions of might
 x - 6 potions of agility
 B - 2 potions of lignification
 D - 3 potions of brilliance
 H - 6 potions of resistance
 P - 3 potions of haste
Comestibles
 c - 43 rations
 u - 4 chunks of flesh


   Skills:
 + Level 21.2 Fighting
 - Level 18.0 Axes
 + Level 13.9 Armour
 + Level 11.3 Dodging
 - Level 15.0 Shields


You had 16 spell levels left.
You didn't know any spells.
Your spell library was empty.

Dungeon Overview and Level Annotations

Branches:
Dungeon (15/15)            Temple (0/1) D:5            Lair (6/6) D:11
  Swamp (0/4) Lair:2       Spider (4/4) Lair:3        Slime (0/5) Lair:5
    Orc (0/2) D:10         Vaults (0/5) D:13         Depths (0/5) D:15

Altars:
Cheibriados
Fedhas
Gozag
Kikubaaqudgha
Makhleb
Nemelex Xobeh
Qazlal
Ru
Sif Muna
Uskayaw
Xom
The Shining One

Shops:
D:9 *   D:15 (?!


Innate Abilities, Weirdness & Mutations

You reflexively headbutt those who attack you in melee.
You have a pair of horns on your head.


Message History

The tarantella bites you but does no damage.
The jumping spider leaps!
The tarantella misses you. The emperor scorpion stings you.
* * * LOW HITPOINT WARNING * * *
The emperor scorpion claws you but does no damage. x2
The ghost moth stares at you. The spark wasp misses you.
You slash the tarantella! You headbutt the tarantella.
The tarantella is almost dead.
You hit the emperor scorpion but do no damage.
You miss the spark wasp. You slash the emperor scorpion!
You barely miss the tarantella.
You feel sick. The tarantella bites you!
* * * LOW HITPOINT WARNING * * *
The tarantella bites you.
* * * LOW HITPOINT WARNING * * *
You are more confused.
The emperor scorpion barely misses you.
The emperor scorpion closely misses you.
The emperor scorpion claws you!
You die...

..## #≈≈≈...≈≈#≈≈#
.≈.###%≈≈##†.†.†≈≈#
...≈##.≈≈.##%...%##
≈...###..^###.≈.^≈#
#≈≈.≈≈##### ###≈.%#
###≈.≈## ##≈.#
##.^.# ##†## ###..#
####s†# ##^≈^≈#
#ys@†.# ##≈...≈#
#'.yyss.≈# #.....##
#'yy##†..# †....≈##
.s.### #.≈^#
..≈≈...# .. ..###
..##..≈# . .≈#
#.##..≈# ..#
##≈≈.≈## ≈# ...≈#


You could see 2 emperor scorpions, a ghost moth (invisible), a spark wasp, 3
hornets, a jumping spider and 2 tarantellas.

Vanquished Creatures
  Jorgrun (Spider:2)
  Frances (D:14)
  Kirke (Spider:2)
  A ghost moth (Spider:2)
  3 emperor scorpions
  A frost giant (IceCv)
  An entropy weaver (Spider:3)
  Azrael (D:15)
  A minotaur (Lab)
  A spark wasp (Spider:4)
  The ghost of Eptenit the Fighter, a journeyman OgHu of Okawaru (Lair:1)
  The ghost of Eptenit the Fighter, a journeyman OgHu of Okawaru (Lair:1)
  The ghost of Eptenit the Fighter, a journeyman OgHu of Okawaru (Lair:1)
  The ghost of Eptenit the Fighter, a journeyman OgHu of Okawaru (Lair:1)
  An ettin (D:15)
  Snorg (Lair:5)
  Josephine (D:11)
  The ghost of Fouk Xoyts the Thaumaturge, a journeyman DgIE (Lair:1)
  A rakshasa (D:15)
  An ice dragon (D:15)
  2 great orbs of eyes (D:15)
  4 vault guards (D:15)
  7 hydras
  4 centaur warriors
  A death knight (D:14)
  7 two-headed ogres
  A catoblepas (D:15)
  3 tengu warriors (D:14)
  2 deep troll shamans (D:15)
  4 death yaks (Lair:4)
  An ogre mage (D:15)
  Urug (D:11)
  Sonja (Lair:5)
  3 skeletal warriors
  A fire crab (D:15)
  3 unseen horrors
  An iron troll (D:13)
  2 wizards
  A necromancer (D:15)
  An orc knight (D:15)
  4 ugly things
  19 orb spiders
  A wolf spider zombie (D:15)
  An oklob plant (Lair:5)
  7 cyclopes
  31 wolf spiders
  A deep elf mage (D:15)
  A cyclops (shapeshifter) (D:13)
  3 moths of wrath
  A manticore (D:13)
  An ice statue (IceCv)
  A black mamba (shapeshifter) (D:15)
  2 naga magi (D:15)
  3 torpor snails
  5 black mambas (Lair:6)
  7 spiny frogs
  An eye of devastation (Lair:5)
  2 gargoyles
  2 rime drakes
  13 komodo dragons
  A kobold demonologist (D:15)
  12 demonic crawlers
  3 freezing wraiths
  A tengu conjurer (D:14)
  2 meliai (Lair:5)
  A queen bee (shapeshifter) (D:15)
  2 queen bees
  16 polar bears
  6 trolls
  22 jumping spiders
  14 hippogriffs
  5 slime creatures
  4 blink frogs (Lair:1)
  12 hornets
  A harpy skeleton (D:15)
  A bog body (Lair:2)
  A dream sheep (Lair:6)
  A centaur simulacrum (D:15)
  Sigmund (D:2)
  2 meliai zombies
  30 tarantellas
  69 yaks
  3 shadows
  57 redbacks
  17 spriggans
  A wyvern (Lair:4)
  A vampire (D:14)
  7 wraiths
  4 fire bats (Lair:5)
  8 basilisks
  5 hogs (Spider:2)
  2 steam dragons (D:8)
  2 fire elementals
  2 hungry ghosts
  2 swamp worms (Lair:2)
  A naga (D:15)
  Edmund (D:6)
  2 acid dragons
  10 water moccasins
  4 porcupines
  5 hell hounds
  2 floating eyes (D:15)
  2 sky beasts
  5 ice beasts
  5 orc warriors
  5 black bears
  2 eyes of draining
  A necrophage (D:13)
  9 ogres
  4 phantoms
  34 wolves
  3 boggarts (Lair:6)
  12 centaurs
  9 crocodiles
  5 big kobolds
  18 bullfrogs
  A wyvern zombie (D:15)
  Blork the orc (D:6)
  5 scorpions
  A hornet simulacrum (D:15)
  21 wights
  35 killer bees
  2 electric eels
  2 howler monkeys
  7 crimson imps
  5 centaur zombies
  2 quasits
  A jelly (D:13)
  7 orc wizards
  10 orc priests
  2 bullfrog skeletons
  9 hounds
  12 centaur skeletons
  A gnoll shaman (D:6)
  Terence (D:2)
  3 iguanas
  7 worker ants
  2 killer bee zombies
  A hound skeleton (D:11)
  A howler monkey zombie (D:11)
  A worker ant zombie (D:11)
  16 adders
  7 gnolls
  6 shadow imps
  11 white imps (D:12)
  2 oozes
  2 adder zombies (D:5)
  A worm (D:3)
  2 adder skeletons (D:4)
  10 dart slugs (D:4)
  5 leopard geckos
  22 orcs
  2 giant cockroaches
  7 hobgoblins
  6 jackals (D:4)
  25 kobolds
  5 quokkas
  2 ball pythons (D:2)
  6 bats
  5 frilled lizards
  12 goblins
  13 rats
  A bush (D:10)
  4 fungi
  10 plants
957 creatures vanquished.

Vanquished Creatures (collateral kills)
  A ghost moth (Spider:4)
  A spark wasp (Spider:4)
  A meliai (Lair:5)
  A tengu conjurer (D:14)
  3 jumping spiders (Spider:4)
  A troll (D:14)
  2 redbacks (Spider:4)
  A tarantella (Spider:4)
  An eye of draining (shapeshifter) (D:14)
  A crocodile (D:14)
  6 killer bees (Lair:5)
  A hound (D:14)
20 creatures vanquished.

Vanquished Creatures (others)
  A ghost moth (Spider:4)
  An orb spider (Spider:3)
  2 redbacks (Spider:3)
  A yak (Lair:5)
  A human (Spider:2)
  A fungus (Lair:1)
  6 plants
13 creatures vanquished.

Grand Total: 990 creatures vanquished

Notes
Turn   | Place    | Note
-------+----------+-------------------------------------------
     0 | D:1      | tev the Minotaur Berserker began the quest for the Orb.
     0 | D:1      | Reached XP level 1. HP: 19/19 MP: 0/0
    98 | D:1      | Reached skill level 4 in Fighting
   102 | D:1      | Reached XP level 2. HP: 11/27 MP: 1/1
  1083 | D:2      | Reached XP level 3. HP: 33/33 MP: 2/2
  1490 | D:2      | Reached ** piety under Trog
  1550 | D:2      | Noticed Terence
  1554 | D:2      | Killed Terence
  1554 | D:2      | Reached skill level 5 in Axes
  1554 | D:2      | Reached XP level 4. HP: 41/41 MP: 3/3
  1650 | D:2      | Noticed Sigmund
  1654 | D:2      | Killed Sigmund
  1654 | D:2      | Reached XP level 5. HP: 47/47 MP: 4/4
  2154 | D:3      | Found a deep blue altar of Sif Muna.
  2228 | D:3      | Reached XP level 6. HP: 41/55 MP: 5/5
  2755 | D:4      | Reached skill level 5 in Fighting
  2768 | D:4      | Found a snail-covered altar of Cheibriados.
  2790 | D:4      | Found an ancient bone altar of Kikubaaqudgha.
  2792 | D:4      | Found a hide-covered altar of Uskayaw.
  2794 | D:4      | Found a burning altar of Makhleb.
  2840 | D:4      | Reached skill level 1 in Shields
  2956 | D:4      | Reached *** piety under Trog
  3385 | D:4      | Reached XP level 7. HP: 61/61 MP: 6/6
  4002 | D:4      | Upgraded the game from 0.22-b1-21-g5cfc168 to 0.22-b1-26-g9dbaab1
  4003 | D:5      | Entered Level 5 of the Dungeon
  4105 | D:5      | Reached XP level 8. HP: 68/70 MP: 7/7
  4159 | D:5      | Found a sacrificial altar of Ru.
  4321 | D:5      | Found a staircase to the Ecumenical Temple.
  4740 | D:5      | Found a stormy altar of Qazlal.
  4845 | D:6      | Reached skill level 6 in Fighting
  4851 | D:6      | Noticed Blork the orc
  4859 | D:6      | Killed Blork the orc
  4879 | D:6      | Reached **** piety under Trog
  4879 | D:6      | Reached skill level 10 in Axes
  4879 | D:6      | Reached skill level 5 in Armour
  4891 | D:6      | Noticed Edmund
  4902 | D:6      | Killed Edmund
  4938 | D:6      | Found a blossoming altar of Fedhas.
  5244 | D:6      | Reached XP level 9. HP: 56/77 MP: 8/8
  5500 | D:7      | Reached skill level 7 in Fighting
  5812 | D:7      | Found an opulent altar of Gozag.
  6331 | D:8      | Noticed a queen bee
  6339 | D:8      | Reached XP level 10. HP: 86/86 MP: 9/9
  6356 | D:8      | Reached ***** piety under Trog
  6941 | D:9      | Reached skill level 5 in Shields
  7360 | D:9      | Found a glowing golden altar of the Shining One.
  7387 | D:9      | Found Xuneto's Assorted Antiques.
  7400 | D:9      | Bought a crude chain mail for 275 gold pieces
  7410 | D:9      | Identified the +1 chain mail of Orito {MP+9 Int-2 Slay+3} (You bought it in a shop on level 9 of the Dungeon)
  7433 | D:9      | Got a pitted scale mail
  7444 | D:9      | Identified the +4 scale mail "Mioheosoje" {rElec Int-3 Slay+6 Stlth+} (You found it on level 9 of the Dungeon)
  7579 | D:10     | Entered Level 10 of the Dungeon
  7611 | D:10     | Received a gift from Trog
  7757 | D:10     | Reached skill level 8 in Fighting
  7765 | D:10     | Found a staircase to the Orcish Mines.
  7798 | D:10     | Found a sparkling altar of Nemelex Xobeh.
  7839 | D:10     | Reached skill level 15 in Axes
  7883 | D:10     | Noticed a gargoyle
  7885 | D:10     | Reached XP level 11. HP: 95/95 MP: 10/10
  8124 | D:10     | Noticed a two-headed ogre
  8129 | D:10     | Killed a two-headed ogre
  8435 | D:10     | Found a deep blue altar of Sif Muna.
  8656 | D:10     | Reached skill level 5 in Dodging
  8928 | D:11     | Noticed a two-headed ogre
  8936 | D:11     | Killed a two-headed ogre
  9090 | D:11     | Noticed a two-headed ogre
  9098 | D:11     | Killed a two-headed ogre
  9243 | D:11     | Noticed a white ugly thing
  9250 | D:11     | Killed a white ugly thing
  9250 | D:11     | Reached skill level 9 in Fighting
  9341 | D:11     | Killed an unseen horror
  9676 | D:11     | Noticed Urug
  9683 | D:11     | Killed Urug
  9728 | D:11     | Found a shimmering altar of Xom.
  9847 | D:11     | Noticed Josephine
  9863 | D:11     | Killed Josephine
  9863 | D:11     | Received a gift from Trog
  9863 | D:11     | Reached XP level 12. HP: 105/105 MP: 11/11
  9947 | D:11     | Noticed a five-headed hydra
  9957 | D:11     | Killed a nine-headed hydra
 10020 | D:11     | Found a staircase to the Lair.
 10154 | D:12     | Found a frozen archway.
 10171 | IceCv    | Entered an ice cave
 10225 | IceCv    | Reached skill level 10 in Fighting
 10429 | IceCv    | Received a gift from Trog
 10464 | IceCv    | Noticed a frost giant
 10477 | IceCv    | Killed a frost giant
 10477 | IceCv    | Reached skill level 10 in Shields
 10510 | IceCv    | Got an encrusted hat
 10516 | IceCv    | Identified the +2 hat of Xehea {rElec rC+ Int+5} (You found it in an ice cave)
 10790 | D:12     | Noticed a two-headed ogre
 10797 | D:12     | Killed a two-headed ogre
 10797 | D:12     | Reached skill level 11 in Fighting
 10988 | D:12     | Reached XP level 13. HP: 116/116 MP: 4/12
 11606 | D:13     | Reached skill level 12 in Fighting
 11671 | D:13     | Received a gift from Trog
 11794 | D:13     | Found a gate to the Vaults.
 12301 | D:14     | Noticed Frances
 12313 | D:14     | Killed Frances
 12313 | D:14     | Reached skill level 13 in Fighting
 12581 | D:14     | Reached skill level 10 in Armour
 12667 | D:14     | Reached XP level 14. HP: 130/130 MP: 4/13
 12825 | D:15     | Entered Level 15 of the Dungeon
 12903 | D:15     | Got a crude granite ring
 12904 | D:15     | Identified the ring of Hogath {Fire rPois Int+3} (You found it on level 15 of the Dungeon)
 12919 | D:15     | Reached skill level 14 in Fighting
 12943 | D:15     | Found a staircase to the Depths.
 13107 | D:15     | Paralysed by a floating eye for 3 turns
 13273 | D:15     | Found Xiroecse's Magic Scroll Emporium.
 13287 | D:15     | Bought a scroll of fog for 28 gold pieces
 13287 | D:15     | Bought a scroll of blinking for 105 gold pieces
 13416 | D:15     | Reached ****** piety under Trog
 13432 | D:15     | Received a gift from Trog
 13454 | D:15     | Found Avegyesu's Distillery.
 13488 | D:15     | Bought a potion of haste for 160 gold pieces
 13505 | D:15     | Reached skill level 15 in Fighting
 13630 | D:15     | Noticed Azrael
 13641 | D:15     | Killed Azrael
 13663 | D:15     | Got a steaming amber ring
 13776 | D:15     | Got a transparent bone ring
 13803 | D:15     | Found Teozxyth's Antique Weapon Emporium.
 13877 | D:15     | Identified the ring "Uwe Jinolie" {*Tele +Blink MR+} (You took it off Azrael on level 15 of the Dungeon)
 13879 | D:15     | Identified the ring "Ushei" {rF+ MP+9 SInv} (You found it on level 15 of the Dungeon)
 14038 | Lair:1   | Entered Level 1 of the Lair of Beasts
 14162 | Lair:1   | Found a runed gate.
 14162 | Lair:1   | Found a runed gate.
 14162 | Lair:1   | Found a runed gate.
 14163 | Lair:1   | Noticed Eptenit's ghost (journeyman OgHu)
 14163 | Lair:1   | Noticed Fouk Xoyts's ghost (journeyman DgIE)
 14164 | Lair:1   | Noticed Eptenit's ghost (journeyman OgHu)
 14165 | Lair:1   | Noticed Eptenit's ghost (journeyman OgHu)
 14169 | Lair:1   | Noticed Eptenit's ghost (journeyman OgHu)
 14176 | Lair:1   | Killed Eptenit's ghost
 14176 | Lair:1   | Reached XP level 15. HP: 143/143 MP: 14/14
 14178 | Lair:1   | Killed Eptenit's ghost
 14179 | Lair:1   | Killed Fouk Xoyts's ghost
 14180 | Lair:1   | Killed Eptenit's ghost
 14183 | Lair:1   | Killed Eptenit's ghost
 14389 | Lair:1   | Reached skill level 16 in Fighting
 15195 | Lair:2   | Received a gift from Trog
 15218 | Lair:2   | Found a staircase to the Swamp.
 15713 | Lair:3   | Got a warped chain mail
 15715 | Lair:3   | Found a hole to the Spider Nest.
 15760 | Lair:3   | Found a labyrinth entrance.
 15769 | Lab      | Entered a labyrinth
 16173 | Lair:3   | Reached skill level 15 in Shields
 16552 | Lair:3   | Identified the +8 chain mail "Xoudo" {rF++} (You found it on level 3 of the Lair of Beasts)
 17756 | Lair:5   | Reached skill level 17 in Fighting
 17794 | Lair:5   | Found a staircase to the Slime Pits.
 17849 | Lair:5   | Noticed Snorg
 17861 | Lair:5   | Killed Snorg
 17971 | Lair:5   | Noticed Sonja
 17979 | Lair:5   | Killed Sonja
 18010 | Lair:5   | Received a gift from Trog
 18020 | Lair:5   | Reached skill level 10 in Dodging
 18129 | Lair:5   | Found a transporter.
 18152 | Lair:5   | Found a transporter.
 18848 | Lair:6   | Entered Level 6 of the Lair of Beasts
 19551 | Lair:6   | Reached skill level 18 in Fighting
 19657 | Lair:6   | Reached XP level 16. HP: 157/157 MP: 8/15
 19716 | Lair:6   | Received a gift from Trog
 20032 | Spider:1 | Entered Level 1 of the Spider Nest
 20520 | Spider:1 | Reached skill level 19 in Fighting
 21162 | Spider:2 | Noticed Jorgrun
 21172 | Spider:2 | Received a gift from Trog
 21185 | Spider:2 | Killed Jorgrun
 22300 | Spider:2 | Reached skill level 20 in Fighting
 22305 | Spider:2 | Noticed Kirke
 22324 | Spider:2 | Killed Kirke
 22539 | Spider:3 | Received a gift from Trog
 22723 | Spider:2 | Reached XP level 17. HP: 114/172 MP: 0/16
 22826 | Spider:3 | Received a gift from Trog
 23146 | Spider:4 | Entered Level 4 of the Spider Nest
 23327 | Spider:4 | Reached skill level 21 in Fighting
 23424 | Spider:4 | HP: 7/173 [tarantella (3)]
 23424 | Spider:4 | Slain by an emperor scorpion

Skill      XL: |  1  2  3  4  5  6  7  8  9 10 11 12 13 14 15 16 17 |
---------------+----------------------------------------------------+-----
Fighting       | 4 5 6 7 8 9 11 13 15 18 20 21 | 21.2
Axes           | 4 5 6 7 9 10 13 15 16 18 | 18.0
Armour         | 3 4 5 6 7 8 10 11 12 13 | 13.9
Dodging        | 3 4 5 6 7 8 10 11 | 11.3
Shields        | 1 2 4 6 8 10 12 14 15 | 15.0

Action                   |  1- 3 |  4- 6 |  7- 9 | 10-12 | 13-15 | 16-18 || total
-------------------------+-------+-------+-------+-------+-------+-------++-------
Melee: Hand axe          |    90 |   130 |   180 |       |       |       ||   400
       Headbutt          |     5 |    20 |    63 |    96 |   248 |   154 ||   586
       Battleaxe         |       |       |    93 |       |       |       ||    93
       War axe           |       |       |    56 |   285 |   195 |       ||   536
       Broad axe         |       |       |       |   163 |   756 |   671 ||  1590
Invok: Berserk           |     1 |     1 |     3 |     4 |     8 |     3 ||    20
       Trog's Hand       |       |       |       |     1 |       |     2 ||     3
       Brothers in Arms  |       |       |       |       |     5 |     2 ||     7
  Use: Scroll            |     1 |       |       |     4 |    12 |    14 ||    31
       Potion            |       |       |       |       |     2 |       ||     2
 Stab: Distracted        |       |       |       |       |     1 |       ||     1
  Eat: Chunk             |     2 |     7 |    13 |    18 |    28 |    13 ||    81
       Ration            |       |       |       |     1 |     3 |     1 ||     5
Armor: Animal skin       |     3 |       |       |       |       |       ||     3
       Ring mail         |     4 |       |       |       |       |       ||     4
       Chain mail        |    12 |     4 |    71 |    33 |    63 |   380 ||   563
       Scale mail        |       |    51 |    49 |   142 |   197 |       ||   439
Dodge: Dodged            |    46 |    29 |   122 |   113 |   252 |   319 ||   881
Block: Shield            |       |    45 |    95 |    46 |   591 |   564 ||  1341
       Large shield      |       |       |       |   307 |       |       ||   307
